 Dungeon Crawl Stone Soup version 0.19.5 (webtiles) character file.

4995 zausaa the Basher (level 10, -5/82 HPs)
             Began as a Merfolk Berserker on May 1, 2017.
             Was an Elder of Trog.
             Slain by a yak (10 damage)
             ... on level 9 of the Dungeon.
             The game lasted 00:38:55 (9407 turns).

zausaa the Basher (Merfolk Berserker)               Turns: 9407, Time: 00:38:55

Health: -5/82      AC: 15    Str: 18    XL:     10   Next: 54%
Magic:  0/10       EV:  7    Int:  9    God:    Trog [****..]
Gold:   420        SH:  0    Dex: 17    Spells: 0 memorised, 9 levels left

rFire  . . .     SeeInvis .     V - +0 morningstar (holy)
rCold  . . .     Gourm    .     N - +0 plate armour
rNeg   . . .     Faith    .     (no shield)
rPois  .         Spirit   +     D - +0 helmet
rElec  .         Reflect  .     L - +1 cloak {MR+}
rCorr  .         Harm     .     (no gloves)
MR     +....                    (no boots)
Stlth  ..........               s - amulet of guardian spirit
                                (no ring)
                                z - +3 ring of intelligence

@: exhausted, slowed, very slow
A: change form in water, swift swim, stealthy swim
a: Berserk, Trog's Hand, Brothers in Arms, Burn Spellbooks, Renounce Religion


You were on level 9 of the Dungeon.
You worshipped Trog.
Trog was greatly pleased with you.
You were hungry.

You visited 1 branch of the dungeon, and saw 9 of its levels.

You collected 420 gold pieces.

Inventory:

Hand Weapons
 a - a +0 mace
 d - a +0 dagger
 g - a +0 dagger
 i - a +0 dagger
 v - a +0 flail
 K - a +4 quarterstaff of chaos
 V - a +0 morningstar of holy wrath (weapon)
Armour
 D - a +0 helmet (worn)
 L - a +1 cloak of magic resistance (worn)
 N - a +0 plate armour (worn)
Jewellery
 s - an amulet of guardian spirit (around neck)
 u - a cursed amulet of inaccuracy {unknown}
 z - a +3 ring of intelligence (left hand)
 J - an uncursed ring of protection from cold {unknown}
 S - an uncursed ring of positive energy {unknown}
 T - an uncursed amulet of the gourmand {unknown}
Wands
 C - a wand of polymorph (15/24)
 F - a wand of digging (14/24)
 M - a wand of random effects (13/48)
 O - a wand of iceblast (6/15)
 P - a wand of lightning (3/15)
 U - a wand of flame (16/48)
Scrolls
 b - a scroll of holy word {unknown}
 e - 2 scrolls of noise
 k - 2 scrolls of magic mapping {unknown}
 l - a scroll of blinking {unknown}
 m - 3 scrolls of identify
 n - 2 scrolls of teleportation {unknown}
 q - 2 scrolls of fear {unknown}
 r - 2 scrolls of random uselessness
 w - 2 scrolls of amnesia {unknown}
 x - a scroll of recharging {unknown}
 y - 2 scrolls of immolation
 B - 3 scrolls of enchant weapon {unknown}
 E - a scroll of enchant armour
Potions
 c - 3 potions of resistance {unknown}
 f - 3 potions of agility {unknown}
 h - 3 potions of curing {unknown}
 j - a potion of invisibility {unknown}
 o - 3 potions of heal wounds {unknown}
 p - 2 potions of haste
 t - 2 potions of degeneration {unknown}
 A - a potion of ambrosia {unknown}
 G - a potion of magic {unknown}
 H - a potion of mutation {unknown}
Comestibles
 I - a beef jerky
 Q - 2 bread rations
 R - 2 fruits


   Skills:
 * Level 8.8 Fighting
 * Level 10.1 Maces & Flails
 + Level 4.7 Armour
 + Level 4.0 Dodging
 + Level 0.5 Stealth


You had 9 spell levels left.
You didn't know any spells.

Dungeon Overview and Level Annotations

Branches:
Dungeon (9/15)             Temple (0/1) D:7             Orc (0/2) D:9
   Lair: D:8-11

Altars:
Ashenzari
Trog

Shops:
D:4 *   D:9 ([


Message History

You feel a strong urge to attack something.
The yak gores you but does no damage. x2
You are too injured to fight recklessly!
You are too injured to fight recklessly!
You are too injured to fight recklessly!
You are too injured to fight recklessly!
You feel your anger subside.
You are no longer berserk.
You are exhausted.
You feel yourself slow down. The yak barely misses you. The yak gores you.
* * * LOW HITPOINT WARNING * * *
The yak gores you but does no damage. The yak gores you.
* * * LOW HITPOINT WARNING * * *
The yak gores you!
* * * LOW HITPOINT WARNING * * *
The yak gores you but does no damage. x2; The yak gores you!
You die...

#...........#........#########
#.#######<..#.................
#...........#.................
#...........#.................
#...........#........##.......
#...........#........##.......
#...........#.Y...............
#...........#YY...............
#...........#@Y...............
#...........#.Y...............
#..........)#...∩.>.∩.$.......
#...........'.................
#..........)#.................
#...........#.................
#...........#.#########.......
#...........#.. #.......
#...........+.. #.......


You could see 5 yaks.

Vanquished Creatures
  The ghost of McKennaii the Carver, a novice DsAK of Lugonu (D:8)
  Pikel (D:8)
  A manticore (D:8)
  Grinder (D:6)
  Prince Ribbit (D:8)
  Sigmund (D:3)
  A hungry ghost (D:7)
  2 phantoms
  A slave (D:8)
  4 orc warriors
  5 ogres
  A necrophage (D:5)
  A centaur (D:7)
  A big kobold (D:7)
  3 bullfrogs
  2 scorpions
  6 howler monkeys
  2 bullfrog zombies
  5 crimson imps
  A quasit (D:7)
  A centaur zombie (D:5)
  2 bullfrog skeletons
  A jelly (D:9)
  4 hounds
  Crazy Yiuf (D:4)
  2 orc priests
  4 orc wizards
  An iguana (D:6)
  A centaur skeleton (D:7)
  Ijyb (D:3)
  Natasha (thrice) (D:3)
  9 worker ants
  Terence (D:3)
  2 hound skeletons
  4 adders
  A shadow imp (D:5)
  2 oozes
  An adder zombie (D:9)
  2 adder skeletons
  2 worms
  2 dart slugs
  4 leopard geckos
  28 orcs
  3 giant cockroaches
  7 goblins
  11 hobgoblins
  6 jackals
  10 kobolds
  5 quokkas
  2 ball pythons
  8 bats
  A frilled lizard (D:3)
  9 rats
182 creatures vanquished.

Vanquished Creatures (others)
  An orc wizard (D:8)
1 creature vanquished.

Grand Total: 183 creatures vanquished

Notes
Turn   | Place    | Note
-------+----------+-------------------------------------------
     0 | D:1      | zausaa the Merfolk Berserker began the quest for the Orb.
     0 | D:1      | Reached XP level 1. HP: 18/18 MP: 1/1
   184 | D:1      | Reached XP level 2. HP: 24/24 MP: 2/2
   684 | D:1      | Reached XP level 3. HP: 29/30 MP: 3/3
  1243 | D:2      | Reached skill level 3 in Maces & Flails
  1577 | D:2      | Reached XP level 4. HP: 23/37 MP: 4/4
  2277 | D:2      | Reached ** piety under Trog
  2388 | D:3      | Noticed Ijyb
  2417 | D:3      | Killed Ijyb
  2480 | D:3      | Noticed Terence
  2486 | D:3      | Killed Terence
  2486 | D:3      | Reached XP level 5. HP: 43/43 MP: 5/5
  2609 | D:3      | Noticed Natasha
  2627 | D:3      | Killed Natasha
  3020 | D:3      | Noticed Natasha
  3029 | D:3      | Killed Natasha
  3039 | D:3      | Reached skill level 4 in Maces & Flails
  3044 | D:3      | Noticed Sigmund
  3054 | D:3      | Killed Sigmund
  3054 | D:3      | Reached skill level 5 in Fighting
  3054 | D:3      | Reached XP level 6. HP: 51/51 MP: 6/6
  3353 | D:3      | Noticed Natasha
  3361 | D:3      | Killed Natasha
  3516 | D:3      | Found a bloodstained altar of Trog.
  3684 | D:4      | Reached skill level 5 in Maces & Flails
  3684 | D:4      | Reached XP level 7. HP: 54/56 MP: 7/7
  4066 | D:4      | Found Feikuy's General Store.
  4120 | D:4      | Found a runed door.
  4219 | D:4      | Noticed Crazy Yiuf
  4232 | D:4      | Killed Crazy Yiuf
  4573 | D:5      | Entered Level 5 of the Dungeon
  4777 | D:5      | Reached XP level 8. HP: 64/64 MP: 8/8
  4785 | D:5      | Reached *** piety under Trog
  4785 | D:5      | Reached skill level 6 in Maces & Flails
  5441 | D:5      | You fall through a shaft!
  5486 | D:6      | Reached skill level 7 in Maces & Flails
  5739 | D:6      | Noticed Grinder
  5768 | D:6      | Killed Grinder
  5768 | D:6      | Reached XP level 9. HP: 40/71 MP: 5/9
  6439 | D:7      | Reached skill level 8 in Maces & Flails
  6513 | D:7      | Reached **** piety under Trog
  6559 | D:7      | Found a staircase to the Ecumenical Temple.
  7123 | D:8      | Noticed Prince Ribbit
  7134 | D:8      | Noticed a manticore
  7134 | D:8      | Killed Prince Ribbit
  7142 | D:8      | Killed a manticore
  7142 | D:8      | Reached skill level 9 in Maces & Flails
  7225 | D:8      | Noticed McKennaii's ghost (novice DsAK)
  7497 | D:8      | Killed McKennaii's ghost
  7497 | D:8      | Reached XP level 10. HP: 58/82 MP: 7/10
  7700 | D:8      | Found a shattered altar of Ashenzari.
  8476 | D:8      | Noticed Pikel
  8492 | D:8      | Killed Pikel
  8760 | D:8      | Reached skill level 10 in Maces & Flails
  9112 | D:9      | Found Mola's Weapon Shop.
  9112 | D:9      | Found a staircase to the Orcish Mines.
  9353 | D:9      | Found Cisoz's Armour Shop.
  9405 | D:9      | HP: 4/82 [yak (8)]
  9407 | D:9      | Slain by a yak

Skill      XL: |  1  2  3  4  5  6  7  8  9 10 |
---------------+-------------------------------+-----
Fighting       | 4 5 6 8 |  8.8
Maces & Flails | 3 4 5 7 9 10 | 10.1
Dodging        | 3 4 |  4.0
Armour         | 2 3 4 |  4.7
Stealth        | |  0.5

Action                   |  1- 3 |  4- 6 |  7- 9 | 10-12 || total
-------------------------+-------+-------+-------+-------++-------
Melee: Mace              |   108 |    63 |       |       ||   171
       Flail             |       |    85 |   489 |   134 ||   708
       Morningstar       |       |       |       |     6 ||     6
Invok: Berserk           |       |     3 |    11 |     4 ||    18
       Trog's Hand       |       |     3 |     4 |       ||     7
       Burn Spellbooks   |       |     1 |       |     1 ||     2
  Use: Scroll            |       |       |     6 |       ||     6
 Stab: Sleeping          |     1 |       |       |       ||     1
  Eat: Chunk             |     2 |     6 |     9 |     3 ||    20
       Bread ration      |       |     1 |     2 |       ||     3
       Meat ration       |       |       |     3 |     1 ||     4
       Beef jerky        |       |       |     1 |     1 ||     2
Armor: Animal skin       |     9 |       |       |       ||     9
       Ring mail         |    12 |    22 |       |       ||    34
       Chain mail        |       |    41 |    47 |       ||    88
       Plate armour      |       |       |   288 |    91 ||   379
Dodge: Dodged            |    85 |    85 |   180 |    47 ||   397
